 Dungeon Crawl Stone Soup version 0.19-a0-1907-gcff654f (webtiles) character file.

100 junb69 the Cutter (level 5, 0/33 HPs)
             Began as a Kobold Gladiator on Oct 21, 2016.
             Was an Initiate of Ashenzari.
             Slain by an orc
             ... wielding a +0 hand axe
              (4 damage)
             ... on level 3 of the Dungeon.
             The game lasted 00:04:27 (1856 turns).

junb69 the Cutter (Kobold Gladiator)                Turns: 1856, Time: 00:04:28

Health: 0/33       AC:  6    Str: 13    XL:     5   Next: 3%
Magic:  5/5        EV: 14    Int:  9    God:    Ashenzari [......]
Gold:   66         SH:  0    Dex: 16    Spells: 0 memorised, 4 levels left

rFire  . . .     SeeInvis .     a - +0 rapier
rCold  . . .     Gourm    .     e - +0 ring mail
rNeg   . . .     Faith    .     (shield restricted)
rPois  .         Spirit   .     c - +0 helmet (curse)
rElec  .         Reflect  .     (no cloak)
rCorr  .         Harm     .     (no gloves)
MR     .....                    (no boots)
Stlth  +.........               (no amulet)
                                (no ring)
                                (no ring)

@: no status effects
A: carnivore 3
a: Curse Item, Renounce Religion


You were on level 3 of the Dungeon.
You worshipped Ashenzari.
Ashenzari was noncommittal.
You were very full.

You visited 1 branch of the dungeon, and saw 3 of its levels.

You collected 66 gold pieces.

Inventory:

Hand Weapons
 a - a +0 rapier (weapon)
Missiles
 d - 3 throwing nets (quivered)
Armour
 c - a cursed +0 helmet (worn)
 e - a +0 ring mail (worn)
Scrolls
 h - 2 scrolls of fear {unknown}
 j - a scroll of immolation {unknown}
 k - a scroll of identify {unknown}
 l - a scroll of teleportation {unknown}
 m - a scroll of noise {unknown}
Potions
 b - 2 potions of cancellation {unknown}
 i - a potion of resistance {unknown}
 n - 2 potions of curing {unknown}
Comestibles
 f - a meat ration


   Skills:
 * Level 4.1 Fighting
 * Level 5.6 Short Blades
 - Level 2.1 Throwing
 - Level 3.6 Dodging


You had 4 spell levels left.
You didn't know any spells.

Dungeon Overview and Level Annotations

Branches:
Dungeon (3/15)

Altars:
Ashenzari
Dithmenos
Elyvilon
Xom


Innate Abilities, Weirdness & Mutations

You are small and have problems with some larger weapons.
You are carnivorous and can eat meat at any time.


Message History

You hit the orc but do no damage.
The orc is almost dead.
The orc closely misses you.
The orc hits you from afar with a trident.
You hit the orc but do no damage.
The orc is almost dead.
The orc closely misses you.
The orc hits you from afar with a trident.
Unknown command.
You hit the orc.
You kill the orc!
The orc misses you.
You hit the orc but do no damage. The orc hits you with a hand axe.
You hit the orc.
The orc is moderately wounded.
The orc hits you from afar with a trident!
* * * LOW HITPOINT WARNING * * *
The orc misses you. The orc hits you but does no damage.
The orc hits you with a hand axe.
You die...

###############.#######.
#.............^.#.......
##########.............(....#####
........##...............#.....#.
........##...............#.###.#.
........##...............#.# #.#.
........##...............#.# #.#.
........##...............#.# #...
................@........#.# #...
.###'##...#####o########.#.# #...
. #.##...# #o# #.#.###...
..##.######## #.# #)#.......
..o........>###)# #.#.......
................# #.#.#.....
.%.####.######### #.#.#.#### ...
#.# #)#.#.# ... #.# #.#.#.#.#


You could see 2 orcs.

Vanquished Creatures
  3 gnolls (D:3)
  An adder (D:2)
  An ooze (D:1)
  2 dart slugs (D:2)
  A leopard gecko (D:2)
  3 orcs (D:3)
  4 bats (D:1)
  A giant cockroach (D:3)
  5 goblins
  6 hobgoblins
  10 jackals
  2 frilled lizards
  4 kobolds
  2 rats
45 creatures vanquished.

Notes
Turn   | Place    | Note
-------+----------+-------------------------------------------
     0 | D:1      | junb69 the Kobold Gladiator began the quest for the Orb.
     0 | D:1      | Reached XP level 1. HP: 12/12 MP: 1/1
   194 | D:1      | Reached XP level 2. HP: 18/18 MP: 2/2
   216 | D:1      | Found a shattered altar of Ashenzari.
   236 | D:1      | Became a worshipper of Ashenzari the Shackled
   669 | D:1      | Reached XP level 3. HP: 17/23 MP: 3/3
   844 | D:2      | Found a white marble altar of Elyvilon.
   941 | D:2      | Found a shadowy altar of Dithmenos.
   951 | D:2      | Found a shimmering altar of Xom.
  1051 | D:2      | Reached skill level 5 in Short Blades
  1183 | D:2      | Reached XP level 4. HP: 15/28 MP: 4/4
  1839 | D:3      | Reached XP level 5. HP: 33/33 MP: 5/5
  1856 | D:3      | Slain by an orc

Vault maps used:
D:1:      dpeg_arrival_leaves_temple_mockup, evilmike_ruin_ashenzari
D:2:      grunt_temple_overflow_open, first_bread
D:3:      st_stairs_1

Skill      XL: |  1  2  3  4 |
---------------+-------------+-----
Fighting       | 3 4 |  4.1
Short Blades   | 5 |  5.6
Throwing       | |  2.1
Dodging        | |  3.6

Action                   |  1- 3 |  4- 6 || total
-------------------------+-------+-------++-------
Melee: Rapier            |   128 |    76 ||   204
Invok: Curse Item        |     1 |       ||     1
  Eat: Chunk             |     9 |     2 ||    11
Armor: Leather armour    |     7 |       ||     7
       Ring mail         |    42 |    16 ||    58
Dodge: Dodged            |   106 |    46 ||   152
